 Dungeon Sprint DCSS version 0.31-a0-819-gf6de2f5ab6 (webtiles) character file.

Game seed: 12964049614962723558

8379 sircluck the Brawler (level 11, -1/192 HPs)
             Began as a Troll Berserker on Sept 23, 2023.
             Was the Champion of Trog.
             Slain by a shadow wraith (21 damage)
             ... in the Dungeon (Sprint VII: "The Pits").
             The game lasted 00:03:51 (1190 turns).

sircluck the Brawler (Troll Berserker)              Turns: 1190, Time: 00:03:52

Health: -1/192     AC:  7    Str: 31    XL:     11   Next: 9%
Magic:  10/10      EV: 15    Int:  3    God:    Trog [******]
Gold:   0          SH:  0    Dex: 12    Spells: 10/10 levels left

rFire   . .          .
                       - Unarmed
rCold   . . .        (no shield)
rNeg    . . .        a - +0 animal skin
rPois   .            (helmet restricted)
rElec   .            (no cloak)
rCorr   .            (gloves unavailable)
SInv    .            (boots unavailable)
Will    .....        (no amulet) Stlth
                     g - +3 ring of dexterity
HPRegen 1.32/turn    k - +3 ring of protection
MPRegen 0.12/turn

%: no teleportation
@: berserking, slowed
A: large, unfitting armour, claws 3, regeneration 1, shaggy fur 1, tough skin 1
a: Renounce Religion, Berserk, Trog's Hand, Brothers in Arms


You were in the Dungeon.
You worshipped Trog.
Trog was exalted by your worship.
You visited 1 branch

Inventory:

Armour
 a - a +0 animal skin (worn)
Jewellery
 g - a +3 ring of dexterity (left claw)
 k - a +3 ring of protection (right claw)
Scrolls
 i - 2 scrolls of vulnerability
 j - a scroll of butterflies
Potions
 b - 8 potions of curing
 c - 9 potions of heal wounds
 d - a potion of haste
 e - 4 potions of magic
 f - 4 potions of berserk rage
 h - 2 potions of invisibility
 l - 2 potions of mutation


   Skills:
 + Level 13.7 Fighting
 + Level 13.5 Dodging
 + Level 15.9 Unarmed Combat


You had 10 spell levels left.
You didn't know any spells.
Your spell library was empty.

Dungeon Overview and Level Annotations

Branches:
Dungeon (1/1)

Altars:
Ashenzari
Cheibriados
Dithmenos
Elyvilon
Fedhas
Gozag
Hepliaklqana
Kikubaaqudgha
Makhleb
Nemelex Xobeh
Okawaru
Qazlal
Ru
Sif Muna
Trog
Uskayaw
Vehumet
Wu Jian
Xom
Yredelemnul
Zin
The Shining One
Jiyva
Lugonu


Innate Abilities, Weirdness & Mutations

You are too large for most types of armour.
You have claws for hands.
Your natural rate of healing is unusually fast.
You are covered in fur. (AC +1)
You have tough skin. (AC +1)


Message History

Something drains your vigour!
You feel as though you will be slow longer.
The deep elf pyromancer points at you and mumbles some strange words.
The sticky flame misses you.
The sticky flame hits the fire elemental.
The fire elemental completely resists.
The fire elemental completely misses you.
The fire elemental hits you. The fire elemental burns you!
* * * LOW HITPOINT WARNING * * *
There is an open door, spattered with blood here.
You feel much better.
The fire elemental barely misses you. x2
Something hits you!
* * * LOW HITPOINT WARNING * * *
Something drains your vigour!
You feel as though you will be slow longer.
The fire elemental barely misses you.
The fire elemental completely misses you.
Something closely misses you.
You feel much better. The fire elemental hits you.
The fire elemental burns you! The fire elemental misses you.
Something hits you!
* * * LOW HITPOINT WARNING * * *
Something drains your vigour!
You feel as though you will be slow longer.
The deep elf pyromancer closely misses you.
The fire elemental hits you. The fire elemental burns you!
* * * LOW HITPOINT WARNING * * *
The fire elemental closely misses you.
Unknown command.
A red film seems to cover your vision as you go berserk!
You feel yourself moving faster!
You feel mighty! The fire elemental hits you. The fire elemental burns you!
* * * LOW HITPOINT WARNING * * *
The fire elemental misses you.
The deep elf pyromancer gestures at you while chanting.
The bolt of fire hits you!
* * * LOW HITPOINT WARNING * * *
The bolt of fire hits the fire elemental.
The fire elemental completely resists.
Something hits you!!
You die...

####'#####''#####################
#.......##''#####
#.......##......#
#.......##......#
#...<...###....## ### #.......#
##†'## ##..+
#.......###....###....#
#.......##.....e#....#
##########......@E...+
##########......#E...#
...#..[[###....###....# ...#..[[#
##)†## ##..+ ...'..))# #....# ###
...#..))##......#
...#..))##......#
#################


You could see a deep elf pyromancer and 2 fire elementals.

Vanquished Creatures
  A deep elf sorcerer (D)
  An alligator (D)
  A boulder beetle (D)
  A large abomination (D)
  A deep troll (D)
  A phantasmal warrior (D)
  A deep elf pyromancer (D)
  A manticore (D)
  A rust devil (D)
  A cane toad (D)
  An ice devil (D)
  2 hellwings (D)
  3 polar bears (D)
  A tarantella (D)
  6 dream sheep (D)
  A wyvern (D)
  2 floating eyes (D)
  Duvessa (D)
  A sky beast (D)
  An ice beast (D)
  A phantom (D)
  A bullfrog (D)
  Dowan (D)
  A jelly (D)
  A gnoll bouda (D)
  Jessica (D)
  A gnoll (D)
  A river rat (D)
  An adder (D)
  A white imp (D)
  A goblin (D)
  3 jackals (D)
  3 ball pythons (D)
  A bat (D)
  A frilled lizard (D)
  A kobold (D)
  A rat (D)
50 creatures vanquished.

Notes
Turn   | Place    | Note
-------+----------+-------------------------------------------
     0 | D        | sircluck the Troll Berserker began the quest for the Orb.
     0 | D        | Reached XP level 1. HP: 22/22 MP: 0/0
    28 | D        | Noticed a wyvern
    28 | D        | Noticed a manticore
    37 | D        | Killed a wyvern
    38 | D        | Reached skill level 5 in Fighting
    38 | D        | Reached skill level 5 in Dodging
    38 | D        | Reached skill level 6 in Unarmed Combat
    38 | D        | Reached XP level 2. HP: 24/35 MP: 1/1
    38 | D        | Reached XP level 3. HP: 30/42 MP: 2/2
    38 | D        | Reached XP level 4. HP: 35/50 MP: 3/3
    38 | D        | Reached XP level 5. HP: 40/57 MP: 4/4
    41 | D        | Killed a manticore
    42 | D        | Reached skill level 9 in Unarmed Combat
    42 | D        | Reached XP level 6. HP: 9/72 MP: 5/5
    42 | D        | Reached XP level 7. HP: 10/79 MP: 6/6
   102 | D        | Noticed an ice devil
   102 | D        | Noticed a deep elf pyromancer
   114 | D        | Killed a deep elf pyromancer
   114 | D        | Reached ** piety under Trog
   115 | D        | Reached skill level 10 in Unarmed Combat
   117 | D        | Killed an ice devil
   118 | D        | Reached XP level 8. HP: 77/92 MP: 7/7
   125 | D        | Paralysed by a floating eye for 3 turns
   131 | D        | Reached skill level 11 in Unarmed Combat
   178 | D        | Noticed a rust devil
   191 | D        | Killed a rust devil
   191 | D        | Reached *** piety under Trog
   210 | D        | Noticed a large abomination
   228 | D        | Killed a large abomination
   229 | D        | Reached skill level 10 in Fighting
   229 | D        | Reached skill level 10 in Dodging
   229 | D        | Reached skill level 12 in Unarmed Combat
   229 | D        | Reached XP level 9. HP: 102/102 MP: 8/8
   312 | D        | Found a bloodstained altar of Trog.
   312 | D        | Found a shimmering blue altar of Sif Muna.
   312 | D        | Found a viscous altar of Jiyva.
   312 | D        | Found a hazy altar of Hepliaklqana.
   312 | D        | Found an opulent altar of Gozag.
   313 | D        | Found a glowing golden altar of the Shining One.
   313 | D        | Found a glowing silver altar of Zin.
   313 | D        | Found a basalt altar of Yredelemnul.
   313 | D        | Found a shimmering altar of Xom.
   313 | D        | Found an ornate altar of the Wu Jian Council.
   313 | D        | Found a sacrificial altar of Ru.
   313 | D        | Found a stormy altar of Qazlal.
   313 | D        | Found an iron altar of Okawaru.
   313 | D        | Found a sparkling altar of Nemelex Xobeh.
   313 | D        | Found a burning altar of Makhleb.
   313 | D        | Found a blossoming altar of Fedhas.
   313 | D        | Found a white marble altar of Elyvilon.
   313 | D        | Found a shadowy altar of Dithmenos.
   313 | D        | Found a snail-covered altar of Cheibriados.
   317 | D        | Found a corrupted altar of Lugonu.
   317 | D        | Found a radiant altar of Vehumet.
   318 | D        | Found a broken altar of Ashenzari.
   318 | D        | Found an ancient bone altar of Kikubaaqudgha.
   318 | D        | Found a hide-covered altar of Uskayaw.
   353 | D        | Reached **** piety under Trog
   377 | D        | Paralysed by a floating eye for 2 turns
   381 | D        | Reached ***** piety under Trog
   452 | D        | Noticed Jessica
   453 | D        | Received a gift from Trog
   457 | D        | Killed Jessica
   471 | D        | Noticed a polar bear
   473 | D        | Killed a polar bear
   487 | D        | Noticed a phantasmal warrior
   487 | D        | Noticed a cane toad
   492 | D        | Reached skill level 13 in Unarmed Combat
   506 | D        | Killed a cane toad
   515 | D        | Killed a phantasmal warrior
   515 | D        | Reached ****** piety under Trog
   593 | D        | Noticed Duvessa
   593 | D        | Noticed Dowan
   596 | D        | Received a gift from Trog
   604 | D        | Killed Duvessa
   607 | D        | Killed Dowan
   745 | D        | Noticed a deep elf sorcerer
   769 | D        | Killed a deep elf sorcerer
   770 | D        | Reached skill level 14 in Unarmed Combat
   770 | D        | Reached XP level 10. HP: 23/115 MP: 9/9
   893 | D        | Noticed an alligator
   900 | D        | Killed an alligator
   900 | D        | Received a gift from Trog
   908 | D        | Reached skill level 15 in Unarmed Combat
  1070 | D        | Noticed a boulder beetle
  1080 | D        | Killed a boulder beetle
  1114 | D        | Noticed a deep troll
  1120 | D        | Killed a deep troll
  1121 | D        | Reached XP level 11. HP: 75/127 MP: 10/10
  1124 | D        | Received a gift from Trog
  1181 | D        | Noticed a deep elf pyromancer
  1190 | D        | Slain by a shadow wraith

Illustrated notes

Levels and vault maps discovered:
D:        pitsprint [storerooms_1, entrance_room_1, metal_vault_2, armoury_2,
          mini_pit_1, grid_room_1, main_hall_1, silver_pit, the_coven_3,
          the_vestibule_1, steel_vault_4, golden_pit, hallway_of_sentries,
          crystal_vault_5, iron_vault_1, final_vault]

Skill      XL: |  1  2  3  4  5  6  7  8  9 10 |
---------------+-------------------------------+-----
Fighting       | 5 7 9 10 12 13 | 13.7
Dodging        | 5 7 9 10 12 13 | 13.5
Unarmed Combat | 6 9 10 12 14 15 | 15.9

Action                     |  1- 3 |  4- 6 |  7- 9 | 10-12 || total
---------------------------+-------+-------+-------+-------++-------
  Melee: Unarmed           |     6 |     4 |    96 |    54 ||   160
         Punch             |       |       |     3 |     7 ||    10
 Invoke: Berserk           |     1 |       |     3 |     1 ||     5
    Use: Potion            |       |       |     1 |     2 ||     3
         Scroll            |       |       |     1 |       ||     1
 Armour: Animal skin       |     2 |     3 |    55 |    67 ||   127
  Dodge: Dodged            |     5 |     3 |    29 |    55 ||    92

Table legend: (Time is in decaauts)
 A = Elapsed time spent in this place.
 B = Non-inter-level travel time spent in this place.
 C = Inter-level travel time spent in this place.
 D = Time resting spent in this place.
 E = Time spent auto-exploring this place.
 F = Levels seen in this place.
 G = Mean time per level.
                   A        B        C        D        E       F      G
               +--------+--------+--------+--------+--------+-----+--------+
         Total |   1183 |   1096 |     87 |    382 |    106 |   1 | 1183.0 |
       Dungeon |   1183 |   1096 |     87 |    382 |    106 |   1 | 1183.0 |
               +--------+--------+--------+--------+--------+-----+--------+

Top non-repeatable levels by time:
       D: 1183 daAuts
